 Dungeon Crawl Stone Soup version 0.26.1-16-g4e020e15dc (webtiles) character file.

Game seed: 755298484173163728

136 BiteMe the Firebug (level 4, -2/30 HPs)
             Began as a Demonspawn Fire Elementalist on July 1, 2023.
             Was an Initiate of Vehumet.
             Slain by an ice beast (10 damage)
             ... on level 4 of the Dungeon.
             The game lasted 00:25:28 (5986 turns).

BiteMe the Firebug (Demonspawn Fire Elementalist)   Turns: 5986, Time: 00:25:30

Health: -2/30      AC:  2    Str:  9    XL:     4   Next: 98%
Magic:  2/8        EV: 12    Int: 17    God:    Vehumet [......]
Gold:   112        SH:  0    Dex: 13    Spells: 7/8 levels left

rFire    . . .     SeeInvis .   b - +0 hand axe
rCold    . . .     Faith    .   (no shield)
rNeg     . . .     Spirit   .   a - +0 robe
rPois    .         Reflect  .   (helmet restricted)
rElec    .         Harm     .   (no cloak)
rCorr    .         Rampage  .   (no gloves)
Will     .....                  (no boots)
Stlth    ++........             (no amulet)
HPRegen  0.10/turn              (no ring)
MPRegen  0.11/turn              (no ring)

@: no status effects
A: horns 1, powered by death 1
a: Renounce Religion


You were on level 4 of the Dungeon.
You worshipped Vehumet.
Vehumet was noncommittal.
You visited 1 branch of the dungeon, and saw 5 of its levels.

You collected 112 gold pieces.

Inventory:

Hand Weapons
 b - a +0 hand axe (weapon)
 m - a +0 mace
 q - a +0 dagger of speed
 r - a +0 whip
 s - a +0 mace
Missiles
 l - 20 arrows
Armour
 a - a +0 robe (worn)
Jewellery
 e - an uncursed ring of wizardry {unknown}
 p - a cursed ring of teleportation {unknown}
Scrolls
 c - a scroll of remove curse {unknown}
 f - a scroll of teleportation {unknown}
 g - 3 scrolls of identify {unknown}
 h - a scroll of magic mapping {unknown}
 j - a scroll of enchant armour {unknown}
 k - 2 scrolls of fog {unknown}
 u - a scroll of blinking {unknown}
Potions
 d - a potion of cancellation {unknown}
 i - 2 potions of curing
 n - a potion of berserk rage {unknown}
 o - a potion of attraction {unknown}
 t - a potion of lignification {unknown}
 v - a potion of flight {unknown}
 w - 2 potions of magic {unknown}


   Skills:
 + Level 0.1 Fighting
 + Level 0.1 Axes
 * Level 1.0 Armour
 + Level 1.8 Dodging
 - Level 1.7 Stealth
 * Level 2.7 Spellcasting
 * Level 2.9 Conjurations
 + Level 3.6 Fire Magic


You had 7 spell levels left.
You knew the following spells:

 Your Spells              Type           Power        Failure   Level
a - Foxfire               Conj/Fire      52%          4%          1

Your spell library contained the following spells:

 Spells                   Type           Power        Failure   Level
 Conjure Flame            Conj/Fire      13%          14%         3
 Sublimation of Blood     Necr           1%           26%         2
 Inner Flame              Hex/Fire       8%           26%         3
 Ignite Poison            Fire/Tmut/Pois 6%           32%         3
 Sticky Flame             Conj/Fire      13%          43%         4
 Fireball                 Conj/Fire      6%           78%         5
 Petrify                  Tmut/Erth      2%           87%         4
 Irradiate                Conj/Tmut      3%           95%         5
 Alistair's Intoxication  Tmut/Pois      1%           99%         5
 Eringya's Noxious Bog    Tmut/Pois      1%           100%        6


Dungeon Overview and Level Annotations

Branches:
Dungeon (5/15)
 Temple: D:4-7

Altars:
Vehumet


Innate Abilities, Weirdness & Mutations

You have a pair of small horns on your head.
You regenerate a little health from kills.


Message History

The ice beast hits you. The ice beast freezes you!
* * * LOW HITPOINT WARNING * * *
You hit the ice beast but do no damage.
The ice beast is severely wounded.
The foxfire hits the ice beast!
The ice beast melts!
The ice beast is almost dead.
The ice beast hits you but does no damage.
It was a potion of curing.
You feel better. The ice beast barely misses you.
Casting: Foxfire (safe; 4% risk of failure)
Press: ? - help, Q - select action Dir - look around, f - activate You conjure some foxfire!
The ice beast hits you but does no damage.
You closely miss the ice beast.
The ice beast is almost dead.
The foxfire hits the ice beast.
The ice beast is almost dead.
The ice beast hits you.
* * * LOW HITPOINT WARNING * * *
The ice beast freezes you!
You die...

#.# #.# #.# #.# #.#######.##
..#.....#... ##.###.####
#......# #####..########
###############..............
...........Y@##.###.#########
.###########.##.# ### #.##.#
#....# ######


You could see an ice beast.

Vanquished Creatures
  An iguana (D:4)
  A worker ant (D:5)
  3 gnolls (D:3)
  An adder (D:2)
  A worm (D:2)
  3 dart slugs
  A leopard gecko (D:3)
  A giant cockroach (D:1)
  2 goblins (D:1)
  5 hobgoblins
  A quokka (D:2)
  A ball python (D:2)
  7 bats
  3 frilled lizards
  6 kobolds
  7 rats
  A bush (D:2)
45 creatures vanquished.

Vanquished Creatures (collateral kills)
  5 foxfires (D:2)
5 creatures vanquished.

Vanquished Creatures (others)
  130 foxfires
  21 plants (D:2)
151 creatures vanquished.

Grand Total: 201 creatures vanquished

Notes
Turn   | Place    | Note
-------+----------+-------------------------------------------
     0 | D:1      | BiteMe the Demonspawn Fire Elementalist began the quest for
                  | the Orb.
     0 | D:1      | Reached XP level 1. HP: 13/13 MP: 3/3
   842 | D:1      | Gained mutation: You have a pair of small horns on your
                  | head. [demonic ancestry]
   842 | D:1      | Reached XP level 2. HP: 18/19 MP: 0/5
  1792 | D:1      | Reached skill level 3 in Fire Magic
  2549 | D:2      | Reached XP level 3. HP: 24/24 MP: 2/6
  3312 | D:2      | Found a radiant altar of Vehumet.
  3430 | D:2      | Became a worshipper of Vehumet
  4944 | D:3      | Gained mutation: You regenerate a little health from kills.
                  | [demonic ancestry]
  4944 | D:3      | Reached XP level 4. HP: 16/30 MP: 1/7
  5392 | D:3      | You fall into a shaft and drop 2 floors!
  5392 | D:5      | Entered Level 5 of the Dungeon
  5539 | D:4      | Reached skill level 1 in Armour
  5966 | D:4      | Noticed an ice beast
  5986 | D:4      | Slain by an ice beast

Illustrated notes

Levels and vault maps discovered:
D:1:      lordsloth_arrival_two_stooges, layout_loops_ring, minmay_crystal_room
D:2:      layout_loops_corners, vehumet_crystals, serial_forest,
          infiniplex_forest_clump_double, infiniplex_forest_clump_diagonal,
          infiniplex_forest_straight_3, infiniplex_forest_clump_cross,
          infiniplex_forest_corner_1, infiniplex_forest_diagonal,
          infiniplex_forest_lined_4_way, infiniplex_forest_clump_double,
          infiniplex_forest_end_2, infiniplex_forest_lined_corner
D:3:      layout_loops_ring, chequers_ecumenical_altar_simple, goddamned_bats,
          uniq_grinder, uniq_robin
D:4:      minmay_razor_zed, layout_basic, marbit_many_paths, uniq_blork_the_orc
D:5:      layout_loops_corners, nicolae_overflow_hidden_temple,
          lemuel_altar_in_water, uniq_duvessa, uniq_menkaure

Skill      XL: |  1  2  3  4 |
---------------+-------------+-----
Fire Magic     | 3 |  3.6
Conjurations   | 2 |  2.9
Armour         | 1 |  1.0
Fighting       | |  0.1
Axes           | |  0.1
Dodging        | |  1.8
Stealth        | |  1.7
Spellcasting   | |  2.7

Action                   |  1- 3 |  4- 6 || total
-------------------------+-------+-------++-------
Melee: Hand axe          |   187 |    19 ||   206
       Headbutt          |    47 |     3 ||    50
 Cast: Foxfire           |    64 |    19 ||    83
  Use: Potion            |       |     1 ||     1
 Stab: Sleeping          |       |     1 ||     1
Armor: Robe              |     7 |     4 ||    11
Dodge: Dodged            |    25 |    21 ||    46
